 Dungeon Crawl Stone Soup version 0.17.1-1-g73c8601 (webtiles) character file.

29 GreyTheWise the Stinger (level 3, 0/19 HPs)
             Began as a Tengu Venom Mage on Nov 30, 2016.
             Slain by a giant gecko (1 damage)
             ... on level 2 of the Dungeon.
             The game lasted 00:10:12 (1306 turns).

GreyTheWise the Stinger (Tengu Venom Mage)          Turns: 1306, Time: 00:10:12

Health: 0/19       AC:  3    Str:  8    XL:     3   Next: 16%
Magic:  6/7        EV: 12    Int: 16    God:
Gold:   55         SH:  0    Dex: 14    Spells: 2 memorised, 2 levels left

rFire  . . .     SeeInvis .     k - +0 hunting sling
rCold  . . .     Clarity  .     a - +0 robe
rNeg   . . .     SustAt   .     (no shield)
rPois  .         Gourm    .     (helmet restricted)
rElec  .         Spirit   .     (no cloak)
rCorr  .         Warding  .     e - +0 pair of gloves
rMut   .         Stasis   .     (boots unavailable)
MR     .....                    (no amulet)
Stlth  ++........               (no ring)
                                (no ring)

@: not resistant to hostile enchantments, unstealthy
A: beak, talons 3
a: no special abilities


You were on level 2 of the Dungeon.
You were not hungry.

You visited 1 branch of the dungeon, and saw 2 of its levels.

You collected 55 gold pieces.

Inventory:

Hand Weapons
 d - a +0 dagger
 f - a +0 whip
 k - a +0 hunting sling (weapon)
 l - a +0 dagger
 m - a +0 whip
 q - a +0 whip
 r - a +0 dagger
 s - a +0 dagger
 u - a +0 whip
Missiles
 g - 37 stones (quivered)
 i - 14 poisoned needles
 j - 18 arrows
Armour
 a - a +0 robe (worn)
 e - a +0 pair of gloves (worn)
Scrolls
 p - a scroll of fear {unknown}
 w - a scroll of recharging
Potions
 h - a potion of ambrosia {unknown}
 n - a potion of curing {unknown}
 t - a potion of resistance {unknown}
 v - a potion of might {unknown}
 x - a potion of poison {unknown}
Books
 b - a Young Poisoner's Handbook

   Spells                             Type                      Level
   a - Sting                          Conjuration/Poison           1
   b - Cure Poison                    Poison                       2
   c - Mephitic Cloud                 Conjuration/Poison/Air       3
   d - Olgreb's Toxic Radiance        Poison                       4
   e - Venom Bolt                     Conjuration/Poison           5
Comestibles
 c - 2 bread rations
 o - 2 slices of pizza


   Skills:
 + Level 0.2 Fighting
 + Level 2.3 Dodging
 + Level 2.4 Stealth
 + Level 2.2 Spellcasting
 + Level 0.6 Conjurations
 + Level 4.4 Poison Magic


You had 2 spell levels left.
You knew the following spells:

 Your Spells              Type           Power        Failure   Level  Hunger
a - Sting                 Conj/Pois      #...         10%         1    #......
b - Mephitic Cloud        Conj/Pois/Air  #.......     34%         3    ###....


Dungeon Overview and Level Annotations

Branches:
Dungeon (2/15)

Altars:
Ru


Innate Abilities, Weirdness & Mutations

You have a beak for a mouth.
You have claws for feet.


Message History

It is a scroll of recharging.
You aren't carrying any rechargeable items.
The giant gecko closely misses you.
You closely miss the giant gecko.
The giant gecko is almost dead.
The giant gecko closely misses you. The giant gecko bites you.
* * * LOW HITPOINT WARNING * * *
You barely miss the giant gecko.
The giant gecko is almost dead.
The giant gecko misses you. The giant gecko closely misses you.
You clumsily bash the giant gecko but do no damage.
You claw the giant gecko, but do no damage.
The giant gecko is almost dead.
The giant gecko bites you.
* * * LOW HITPOINT WARNING * * *
The giant gecko closely misses you.
You closely miss the giant gecko. Your kick misses the giant gecko.
The giant gecko is almost dead.
The giant gecko bites you.
You die...

.#?# ######
###.#.##......
#####...%..<......
#........###[.....
######.#.#..(.+ ......
#).#.......#..# ####+#
####..#.......#ยง?...
#....####.l.####.....#
#.....#..@....# .....#
#.....#...#...# .?...#
#.....###'#'### ...(#
..#...[.#.. .[..+ #
#...#_#.#. #...#####..
#...# .. #.... ..#
..###+ ..


You could see a giant gecko.

Vanquished Creatures
  An ooze (D:1)
  2 giant geckos (D:1)
  2 hobgoblins (D:1)
  3 bats (D:1)
  3 giant newts (D:1)
  7 goblins (D:1)
  4 kobolds (D:1)
  A rat (D:1)
23 creatures vanquished.

Notes
Turn   | Place    | Note
--------------------------------------------------------------
     0 | D:1      | GreyTheWise the Tengu Venom Mage began the quest for the Orb.
     0 | D:1      | Reached XP level 1. HP: 10/10 MP: 4/4
   156 | D:1      | Reached XP level 2. HP: 7/15 MP: 0/6
   868 | D:1      | Reached XP level 3. HP: 19/19 MP: 0/7
  1216 | D:1      | Learned a level 3 spell: Mephitic Cloud
  1256 | D:2      | Found a sacrificial altar of Ru.
  1306 | D:2      | Slain by a giant gecko

Action                   || total
-------------------------++-------
Melee: Dagger            ||    20
       Hunting sling     ||    26
 Fire: Hunting sling     ||    20
 Cast: Sting             ||    35
       Mephitic Cloud    ||     1
  Use: Potion            ||     1
       Scroll            ||     1
  Eat: Chunk             ||     2
